 Dungeon Crawl Stone Soup version 0.28-a0-1567-g1695149f81 (webtiles) character file.

Game seed: 3438399983661791155

72 belegose the Skirmisher (level 4, -2/40 HPs)
             Began as a Draconian Abyssal Knight on Jan 19, 2022.
             Was a Believer of Lugonu.
             Killed by divine providence
             ... invoked by an orc priest
              (11 damage)
             ... on level 2 of the Dungeon.
             The game lasted 00:07:46 (2439 turns).

belegose the Skirmisher (Draconian Abyssal Knight)  Turns: 2439, Time: 00:07:47

Health: -2/40      AC:  5    Str: 15    XL:     4   Next: 7%
Magic:  6/6        EV: 12    Int: 13    God:    Lugonu [**....]
Gold:   76         SH:  0    Dex: 11    Spells: 3/3 levels left

rFire   . . .      SeeInvis .   n - +0 morningstar
rCold   . . .      Faith    .   (no shield)
rNeg    . . .      Spirit   .   (armour unavailable)
rPois   .          Reflect  .   (helmet restricted)
rElec   .          Harm     .   (no cloak)
rCorr   .          Rampage  .   (no gloves)
Will    .....                   (no boots)
Stlth   ++........              (no amulet)
HPRegen 0.13/turn               (no ring)
MPRegen 0.10/turn               (no ring)

@: no status effects
A: AC +5, unfitting armour, cold-blooded
a: Renounce Religion, Depart the Abyss, Bend Space


You were on level 2 of the Dungeon.
You worshipped Lugonu.
Lugonu was pleased with you.
You visited 1 branch of the dungeon, and saw 3 of its levels.
You visited the Abyss 1 time.

You collected 76 gold pieces.

Inventory:

Hand Weapons
 a - a +1 mace
 f - a +0 dagger
 n - a +0 morningstar (weapon)
Missiles
 e - 35 stones (quivered)
 i - a throwing net
 m - 20 bolts
Scrolls
 b - a scroll of acquirement {unknown}
 d - 2 scrolls of amnesia {unknown}
 h - a scroll of noise {unknown}
 l - 3 scrolls of fog {unknown}
Potions
 c - a potion of lignification {unknown}
 g - a potion of mutation {unknown}
 j - a potion of haste {unknown}
 k - a potion of might {unknown}


   Skills:
 + Level 3.8 Fighting
 + Level 2.6 Maces & Flails
 + Level 2.6 Dodging
 + Level 1.3 Stealth
 + Level 2.7 Invocations


You had 3 spell levels left.
You didn't know any spells.
Your spell library was empty.

Dungeon Overview and Level Annotations

Branches:
Dungeon (3/15)

Altars:

Shops:
D:1 =:*(


Innate Abilities, Weirdness & Mutations

Your plain brown scales are hard. (AC +5)
You cannot fit into any form of body armour.
You are cold-blooded and may be slowed by cold attacks.


Message History

Lugonu accepts your kill.
You feel yourself speed up.
You sock the worm!
The worm is almost dead.
You barely miss the worm.
The worm is almost dead.
The worm bites you.
You barely miss the worm.
The worm is severely wounded.
The worm bites you.
You sock the worm!
You kill the worm!
Lugonu accepts your kill.
You see here a worm corpse.
Things that are here:
a +0 chain mail; a +0 dagger of protection You now have 76 gold pieces (gained 16).
The orc priest shouts!
You hear a shout!
The orc shouts!
You hear a shout!
The orc priest barely misses you.
You closely miss the orc priest. The orc priest hits you with a +0 mace.
The orc priest misses you.
You barely miss the orc priest. The orc priest hits you with a +0 mace.
You closely miss the orc priest.
Your tail-slap misses the orc priest.
The orc priest hits you but does no damage.
You barely miss the orc priest.
You tail-slap the orc priest, but do no damage.
The orc priest invokes the aid of Beogh against you.
Beogh smites you!
The orc priest hits you but does no damage.
The orc hits you with a +0 flail.
You completely miss the orc priest. The orc hits you with a +0 flail!
* * * LOW HITPOINT WARNING * * *
The orc priest hits you with a +0 mace.
* * * LOW HITPOINT WARNING * * *
You hit the orc priest. You tail-slap the orc priest.
The orc priest is heavily wounded.
The orc priest calls down the wrath of Beogh upon you.
Beogh smites you!
You die...

......#....†.....#####.........##
........##.#####.# ######.####
......####.# #.# #.#
...........## #.# ##.##
............# #.# #...#
..#########.# #.# #...#
.###........# #o# #...#
.##.........## #o# #####...####
.#...........###@#####..[...>....
.#⌠.............o................
.#...........#......##...........
.##.........##......#####....#.##
.###........##......# #....#.##
..#########.........# #..[.#.#
............####.#### #....#.#
.##.#........# #.# #.#.##.#
.##.#..#####.# #[# #......##


You could see an orc priest and 2 orcs.

Vanquished Creatures
  2 adders (D:2)
  3 worms (D:2)
  3 orcs (D:2)
  5 ball pythons
  3 endoplasms (D:2)
  3 goblins
  2 hobgoblins (D:1)
  3 jackals (D:2)
  2 kobolds (D:2)
  2 quokkas (D:2)
  3 bats
  4 frilled lizards
  7 rats
42 creatures vanquished.

Notes
Turn   | Place    | Note
-------+----------+-------------------------------------------
     0 | Abyss:1  | belegose the Draconian Abyssal Knight began the quest for
                  | the Orb.
     0 | Abyss:1  | Reached XP level 1. HP: 19/19 MP: 2/2
    81 | Abyss:1  | Noticed an iron imp
   107 | Abyss:1  | Noticed a raiju
   117 | Abyss:1  | Noticed a small abomination
   131 | Abyss:1  | Noticed an ancient zyme
   132 | D:1      | Escaped the Abyss
   234 | D:1      | Found Tiqiu's Assorted Antiques.
   253 | D:1      | Found Cyequgo's Jewellery Emporium.
   377 | D:1      | Reached * piety under Lugonu
   478 | D:1      | Found Wyro's Weapon Boutique.
   523 | D:1      | Reached XP level 2. HP: 24/26 MP: 3/3
   684 | D:1      | Found Patack's Book Shop.
  1346 | D:2      | Reached skill level 1 in Stealth
  1364 | D:2      | Reached XP level 3. HP: 29/31 MP: 4/4
  2117 | D:2      | Reached ** piety under Lugonu
  2284 | D:2      | Reached XP level 4. HP: 40/40 MP: 6/6
  2439 | D:2      | Killed from afar by an orc priest

Illustrated notes

Levels and vault maps discovered:
D:1:      dpeg_arrival_erosion, layout_rooms, serial_shops, shop, shop,
          nicolae_shop_hallway_plus, nicolae_shop_trees, minivault_23
D:2:      cheibrodos_pilgrimage, layout_loops_cross, kennysheep_generic_room_4
D:3:      layout_basic, evilmike_ruin_ashenzari

Skill      XL: |  1  2 |
---------------+-------+-----
Stealth        | 1 |  1.3
Fighting       | |  3.8
Maces & Flails | |  2.6
Dodging        | |  2.6
Invocations    | |  2.7

Action                   |  1- 3 |  4- 6 || total
-------------------------+-------+-------++-------
Melee: Mace              |   108 |       ||   108
       Tailslap          |    17 |     2 ||    19
       Punch             |     3 |       ||     3
       Morningstar       |     8 |    14 ||    22
Throw: Stone             |     3 |       ||     3
Invok: Depart the Abyss  |     1 |       ||     1
 Stab: Sleeping          |     3 |       ||     3
Armor: Skin              |    31 |     4 ||    35
Dodge: Dodged            |    68 |     3 ||    71

Table legend: (Time is in decaauts)
 A = Elapsed time spent in this place.
 B = Non-inter-level travel time spent in this place.
 C = Inter-level travel time spent in this place.
 D = Time resting spent in this place.
 E = Time spent auto-exploring this place.
 F = Levels seen in this place.
 G = Mean time per level.
                   A        B        C        D        E       F      G
               +--------+--------+--------+--------+--------+-----+--------+
         Total |   2482 |   2373 |    109 |    478 |   1098 |   4 |  620.5 |
       Dungeon |   2350 |   2241 |    109 |    478 |   1098 |   3 |  783.3 |
         Abyss |    132 |    132 |      0 |      0 |      0 |   1 |  132.0 |
               +--------+--------+--------+--------+--------+-----+--------+

Top non-repeatable levels by time:
     D:2: 1201 daAuts
     D:1: 1141 daAuts
 Abyss:1: 132 daAuts
     D:3: 6 daAuts
